[Event "3rd FIDE WCCC Blitz G08 2019"]
[Site "Minsk"]
[Date "2019.08.18"]
[Round "1.1"]
[White "Dandish, Izabella"]
[Black "Zhabina, Maria"]
[Result "1-0"]
[ECO "C60"]
[WhiteElo "1563"]
[BlackElo "1030"]
[Annotator "NA"]
[PlyCount "63"]
[EventDate "2019.08.18"]
[EventType "swiss"]
[EventCountry "BLR"]
[SourceTitle "playchess.com"]
[Source "ChessBase"]
[SourceQuality "1"]
[TimeControl "300+2"]

1. e4 e5 2. Nf3 Nc6 3. Bb5 Qf6 4. Bxc6 dxc6 5. Nc3 Bg4 6. h3 Bxf3 7. Qxf3 Qxf3 8. gxf3 Nf6 9. d3 Bb4 10. Bd2 O-O 11. Rg1 Bxc3 12. Bxc3 Rfe8 13. Bd2 Kh8 14. Rg3 Nh5 15. Rg5 Nf6 16. Bc3 Nd7 17. Kd2 h6 18. Rg3 Re6 19. Rag1 g6 20. f4 h5 21. f5 Rf6 22. Ke3 Rg8 23. Kf3 c5 24. Ke3 b5 25. b3 b4 26. Bb2 a5 27. f4 Re8 28. Kf3 c6 29. fxe5 Nxe5+ 30. Kf4 g5+ 31. Rxg5 Nd7 32. Rxh5# {[%emt 0:02:53] Rh6 Rh4+ Rf6} 1-0

[Event "3rd FIDE WCCC Blitz G08 2019"]
[Site "Minsk"]
[Date "2019.08.18"]
[Round "1.2"]
[White "Mierina, Lauma"]
[Black "Frolova, Umila"]
[Result "0-1"]
[ECO "B08"]
[WhiteElo "1014"]
[BlackElo "1252"]
[Annotator "NA"]
[PlyCount "114"]
[EventDate "2019.08.18"]
[EventType "swiss"]
[EventCountry "BLR"]
[SourceTitle "playchess.com"]
[Source "ChessBase"]
[SourceQuality "1"]
[TimeControl "300+2"]

1. e4 g6 2. Nf3 Bg7 3. d4 d6 4. Nc3 Nf6 5. Bg5 h6 6. Bxf6 Bxf6 7. Bc4 Bg7 8. O-O O-O 9. Qd2 Nd7 10. Rad1 e5 11. d5 a5 12. Be2 Nc5 13. a3 a4 14. Rfe1 Kh7 15. h3 Qe7 16. Rb1 Re8 17. Bb5 Rf8 18. Kh1 Bd7 19. Bxd7 Nxd7 20. Qc1 Nc5 21. Qd1 Nd7 22. Nb5 Nc5 23. Nc3 Nd7 24. Re2 Nc5 25. Qf1 Qf6 26. Ree1 Qe7 27. Qc4 Qd7 28. Qb5 c6 29. dxc6 bxc6 30. Qf1 Rfb8 31. Re3 Qe6 32. Kg1 Rb7 33. Qd1 Rab8 34. Qc1 h5 35. Re2 Bh6 36. Ng5+ Bxg5 37. Qxg5 Rxb2 38. Rxb2 Rxb2 39. Kh2 f6 40. Qc1 Rb8 41. Re1 d5 42. exd5 cxd5 43. Rd1 d4 44. Ne2 f5 45. Ng3 f4 46. Nf1 g5 47. Nd2 Rc8 48. Nf3 Qf5 49. Re1 Nd7 50. Nd2 Rxc2 51. Qd1 Ra2 52. Qxa4 Rxd2 53. Qa7 Rxf2 54. a4 f3 55. Kg1 Rxg2+ 56. Kf1 Qd3+ 57. Re2 Qxe2# 0-1

[Event "3rd FIDE WCCC Blitz G08 2019"]
[Site "Minsk"]
[Date "2019.08.18"]
[Round "2.1"]
[White "Izafatava, Kira"]
[Black "Dandish, Izabella"]
[Result "1-0"]
[ECO "D00"]
[WhiteElo "1144"]
[BlackElo "1563"]
[Annotator "NA"]
[PlyCount "61"]
[EventDate "2019.08.18"]
[EventType "swiss"]
[EventCountry "BLR"]
[SourceTitle "playchess.com"]
[Source "ChessBase"]
[SourceQuality "1"]
[TimeControl "300+2"]

1. d4 d5 2. e3 Nf6 3. f4 Bf5 4. Nc3 a6 5. Nf3 e6 6. Bd3 Be4 7. Bxe4 Nxe4 8. Nxe4 dxe4 9. Ne5 Nd7 10. O-O Nxe5 11. fxe5 Be7 12. Qg4 g6 13. Qxe4 Qd5 14. Qf4 Rf8 15. b3 g5 16. Qg4 O-O-O 17. c4 Qc6 18. d5 Qc5 19. dxe6 Qxe5 20. exf7+ Kb8 21. Rb1 Bc5 22. Bb2 Qxe3+ 23. Kh1 Rd2 24. Bg7 Rxf7 25. Rxf7 Rxg2 26. Qxg2 Qd3 27. Rbf1 Qg6 28. Qd5 Bd6 29. Rf8+ Ka7 30. Bd4+ c5 31. Bxc5+ {[%emt 0:00:03] Qe8} 1-0

[Event "3rd FIDE WCCC Blitz G08 2019"]
[Site "Minsk"]
[Date "2019.08.18"]
[Round "2.2"]
[White "Frolova, Umila"]
[Black "Olimova, Rukiya"]
[Result "1-0"]
[ECO "C11"]
[WhiteElo "1252"]
[BlackElo "1178"]
[Annotator "NA"]
[PlyCount "111"]
[EventDate "2019.08.18"]
[EventType "swiss"]
[EventCountry "BLR"]
[SourceTitle "playchess.com"]
[Source "ChessBase"]
[SourceQuality "1"]
[TimeControl "300+2"]

1. e4 e6 2. Nf3 d5 3. Nc3 d4 4. Ne2 c5 5. c3 d3 6. Nf4 Nc6 7. Nxd3 Nf6 8. e5 Nd5 9. c4 Nb6 10. Nf4 Qc7 11. Qe2 Be7 12. g3 Bd7 13. Bg2 Rd8 14. O-O O-O 15. b3 Nd4 16. Nxd4 cxd4 17. Bb2 Bc6 18. Bxc6 Qxc6 19. d3 Nd7 20. Bxd4 Bc5 21. Bxc5 Nxc5 22. Rad1 Rd4 23. b4 Na4 24. Qc2 Nb6 25. h4 Rfd8 26. a3 Qf3 27. Rfe1 Nc8 28. Re3 Qc6 29. Qe2 Ne7 30. Qf3 Nf5 31. Qxc6 bxc6 32. Rf3 Rb8 33. Ne2 Rdd8 34. d4 Ra8 35. a4 a5 36. b5 c5 37. Rfd3 cxd4 38. Nxd4 Nxd4 39. Rxd4 Rxd4 40. Rxd4 Kf8 41. c5 Ke7 42. b6 Rb8 43. Rd3 Rb7 44. Rd6 Rb8 45. Kf1 Rb7 46. Ke2 Rb8 47. Kd3 g6 48. Kc4 h5 49. Kb5 Ra8 50. c6 Ke8 51. b7 Rb8 52. Kxa5 Ke7 53. Kb6 Ke8 54. c7 Ke7 55. c8=Q Rxc8 56. bxc8=Q 1-0

[Event "3rd FIDE WCCC Blitz G08 2019"]
[Site "Minsk"]
[Date "2019.08.18"]
[Round "2.3"]
[White "Polakiewicz, Blanka"]
[Black "Ukrainskaya, Ilona"]
[Result "0-1"]
[ECO "B13"]
[WhiteElo "1135"]
[BlackElo "1211"]
[Annotator "NA"]
[PlyCount "152"]
[EventDate "2019.08.18"]
[EventType "swiss"]
[EventCountry "BLR"]
[SourceTitle "playchess.com"]
[Source "ChessBase"]
[SourceQuality "1"]
[TimeControl "300+2"]

1. e4 c6 2. d4 d5 3. exd5 cxd5 4. Bd3 Nc6 5. c3 Nf6 6. h3 Bd7 7. Nf3 e6 8. O-O Bd6 9. Be3 O-O 10. Nbd2 Rc8 11. Qe2 h6 12. Nb3 Qc7 13. Bd2 Rfe8 14. Bb5 a6 15. Bd3 Qb6 16. Ne5 Qc7 17. Nxd7 Qxd7 18. Kh1 Kh8 19. Qf3 Qe7 20. Rfe1 Qd7 21. Bf4 Bxf4 22. Qxf4 Qc7 23. Qf3 Qd6 24. Rab1 Rc7 25. Nc5 Rd8 26. Qe3 Re8 27. Qf3 Rd8 28. a3 a5 29. b4 axb4 30. axb4 Ne7 31. Qe3 b6 32. Nb3 Rxc3 33. Qd2 Rc7 34. Qe3 Rc3 35. Qd2 Rc7 36. Qe3 Rdc8 37. Rbc1 Rxc1 38. Rxc1 Rxc1+ 39. Qxc1 Qd7 40. Qa3 Qc8 41. Qa6 Qxa6 42. Bxa6 Kg8 43. Bd3 Kf8 44. f4 Nc6 45. Kg1 Nxb4 46. Be2 Nc2 47. Bd3 Nxd4 48. Nxd4 Ke7 49. Nc6+ Kd6 50. Ne5 Kc5 51. Nxf7 b5 52. Ne5 b4 53. Bc2 Kd4 54. Nd3 Kc3 55. Kf2 Kxc2 56. Nxb4+ Kb3 57. Nc6 Ne4+ 58. Ke3 Kc4 59. Ne5+ Kc3 60. Nf7 d4+ 61. Kf3 d3 62. Ke3 d2 63. Kxe4 d1=Q 64. Ke3 Qd3+ 65. Kf2 Qe4 66. g3 Qf5 67. Ne5 Qc2+ 68. Kf3 Qd1+ 69. Kf2 Kd2 70. Kg2 Qe2+ 71. Kg1 Qe1+ 72. Kg2 Ke3 73. Ng4+ Ke2 74. h4 Qf1+ 75. Kh2 Kf3 76. h5 Qg2# 0-1

[Event "3rd FIDE WCCC Blitz G08 2019"]
[Site "Minsk"]
[Date "2019.08.18"]
[Round "2.4"]
[White "Lyapina, Mariya"]
[Black "Bausheva, Angelina"]
[Result "1-0"]
[ECO "A44"]
[WhiteElo "1349"]
[BlackElo "1043"]
[Annotator "NA"]
[PlyCount "66"]
[EventDate "2019.08.18"]
[EventType "swiss"]
[EventCountry "BLR"]
[SourceTitle "playchess.com"]
[Source "ChessBase"]
[SourceQuality "1"]
[TimeControl "300+2"]

1. d4 c5 2. d5 e5 3. c4 d6 4. e4 Be7 5. Nf3 Bg4 6. Be2 Bxf3 7. Bxf3 Bg5 8. Bxg5 Qxg5 9. Nc3 a6 10. Qb3 Qe7 11. Na4 Nf6 12. Nb6 Ra7 13. Nc8 Qc7 14. Nxa7 b6 15. Nc6 Nxc6 16. dxc6 Qxc6 17. O-O O-O 18. Rad1 h5 19. Qd3 Rd8 20. Rd2 h4 21. Rfd1 h3 22. Qa3 a5 23. Re1 g5 24. gxh3 Kg7 25. Kh1 Rh8 26. Bg2 g4 27. Rg1 Nxe4 28. Re2 f5 29. hxg4 Qd7 30. gxf5 Ng5 31. Qg3 Kf6 32. Bd5 Qg7 33. h4 Qh6 1-0

[Event "3rd FIDE WCCC Blitz G08 2019"]
[Site "Minsk"]
[Date "2019.08.18"]
[Round "2.5"]
[White "Kudrina, Evelina"]
[Black "Preobrazhenskaya, Diana"]
[Result "0-1"]
[ECO "A56"]
[WhiteElo "1194"]
[BlackElo "1361"]
[Annotator "NA"]
[PlyCount "110"]
[EventDate "2019.08.18"]
[EventType "swiss"]
[EventCountry "BLR"]
[SourceTitle "playchess.com"]
[Source "ChessBase"]
[SourceQuality "1"]
[TimeControl "300+2"]

1. d4 Nf6 2. c4 c5 3. Nc3 cxd4 4. Qxd4 Nc6 5. Qd1 g6 6. Bf4 Bg7 7. Nf3 O-O 8. g3 d6 9. Bg2 e5 10. Bg5 h6 11. Be3 e4 12. Nd4 Nxd4 13. Bxd4 Qe7 14. Rb1 Bf5 15. O-O e3 16. Rc1 Ng4 17. f3 Nf2 18. Rxf2 exf2+ 19. Kxf2 Bxd4+ 20. Qxd4 Qe5 21. Qh4 Qg7 22. g4 g5 23. Qg3 Qd4+ 24. Kf1 Bg6 25. Rd1 Qe5 26. Rxd6 Qxg3 27. hxg3 Rad8 28. Rxd8 Rxd8 29. Ke1 Rc8 30. b3 f5 31. gxf5 Bxf5 32. f4 b6 33. fxg5 hxg5 34. Nd5 Kf7 35. e4 Bg6 36. Bh3 Re8 37. Bd7 Rxe4+ 38. Kf2 Rd4 39. Ke2 Kg7 40. Bb5 Re4+ 41. Kf3 Re1 42. Nc3 Bh5+ 43. Kf2 Re7 44. Bc6 Rc7 45. Bf3 Rf7 46. Ne4 Rxf3+ 47. Kg2 Rf8 48. Nd6 Rd8 49. Ne4 Kg6 50. Kf2 Rf8+ 51. Ke3 Re8 52. Kd4 Bf3 53. Nd6 Rd8 54. Ke5 Bg4 55. Nb5 a6 0-1

[Event "3rd FIDE WCCC Blitz G08 2019"]
[Site "Minsk"]
[Date "2019.08.18"]
[Round "2.6"]
[White "Trishkina, Evgeniya"]
[Black "Olkhovik, Anna"]
[Result "1-0"]
[ECO "B18"]
[WhiteElo "1328"]
[BlackElo "1095"]
[Annotator "NA"]
[PlyCount "70"]
[EventDate "2019.08.18"]
[EventType "swiss"]
[EventCountry "BLR"]
[SourceTitle "playchess.com"]
[Source "ChessBase"]
[SourceQuality "1"]
[TimeControl "300+2"]

1. e4 c6 2. d4 d5 3. Nc3 dxe4 4. Nxe4 Bf5 5. Bd3 Qxd4 6. Nf3 Qd7 7. Bf4 f6 8. O-O e5 9. Be3 Bxe4 10. Bxe4 Qxd1 11. Raxd1 Na6 12. Rfe1 Be7 13. Nd2 Nh6 14. Bxh6 gxh6 15. Nc4 O-O 16. Rd7 f5 17. Rxe7 fxe4 18. Rxe5 b5 19. Nd6 Rfd8 20. Nxe4 Nb4 21. Nf6+ Kg7 22. Ne8+ Kf8 23. Nc7 Nxc2 24. Ne6+ Kf7 25. Nxd8+ Rxd8 26. Rc1 a5 27. h3 Kf6 28. Rc5 Nb4 29. a3 Nd3 30. Rxc6+ Ke5 31. Rd1 h5 32. Rc3 Ke4 33. Kf1 b4 34. Rb3 h6 35. Ke2 Kd5 1-0

[Event "3rd FIDE WCCC Blitz G08 2019"]
[Site "Minsk"]
[Date "2019.08.18"]
[Round "3.1"]
[White "Tong, Thai Hoang An"]
[Black "Frolova, Umila"]
[Result "*"]
[ECO "E81"]
[WhiteElo "1208"]
[BlackElo "1252"]
[Annotator "NA"]
[PlyCount "38"]
[EventDate "2019.08.18"]
[EventType "swiss"]
[EventCountry "BLR"]
[SourceTitle "playchess.com"]
[Source "ChessBase"]
[SourceQuality "1"]
[TimeControl "300+2"]

1. e4 g6 2. d4 Bg7 3. c4 d6 4. Nc3 Nf6 5. f3 O-O 6. Bg5 a6 7. Qd2 e5 8. dxe5 dxe5 9. Qxd8 Rxd8 10. Nd5 Nbd7 11. Nxc7 Rb8 12. Nd5 Re8 13. O-O-O Nxd5 14. Rxd5 Nb6 15. Rd8 Rxd8 16. Bxd8 Nd7 17. Bc7 Ra8 18. Ne2 Nc5 19. Nc3 Be6 *

[Event "3rd FIDE WCCC Blitz G08 2019"]
[Site "Minsk"]
[Date "2019.08.18"]
[Round "3.3"]
[White "Mutina, Evdokia"]
[Black "Lyapina, Mariya"]
[Result "*"]
[ECO "B20"]
[WhiteElo "1001"]
[BlackElo "1349"]
[Annotator "NA"]
[PlyCount "47"]
[EventDate "2019.08.18"]
[EventType "swiss"]
[EventCountry "BLR"]
[SourceTitle "playchess.com"]
[Source "ChessBase"]
[SourceQuality "1"]
[TimeControl "300+2"]

1. e4 c5 2. c4 d6 3. Nc3 Nc6 4. Nf3 Nf6 5. d4 cxd4 6. Nxd4 g6 7. Be2 Bg7 8. Nxc6 bxc6 9. O-O O-O 10. Bg5 h6 11. Bxf6 Bxf6 12. Rc1 Qb6 13. b3 Qd4 14. Qxd4 Bxd4 15. Rfd1 Bg7 16. Bf3 Rb8 17. Ne2 a5 18. Ng3 Be6 19. e5 Bxe5 20. Bxc6 Bf4 21. Rc3 Bg4 22. Rdd3 Rfc8 23. Bb5 e5 24. Ba4 *

[Event "3rd FIDE WCCC Blitz G08 2019"]
[Site "Minsk"]
[Date "2019.08.18"]
[Round "3.4"]
[White "Preobrazhenskaya, Diana"]
[Black "Izafatava, Kira"]
[Result "*"]
[ECO "B01"]
[WhiteElo "1361"]
[BlackElo "1144"]
[Annotator "NA"]
[PlyCount "25"]
[EventDate "2019.08.18"]
[EventType "swiss"]
[EventCountry "BLR"]
[SourceTitle "playchess.com"]
[Source "ChessBase"]
[SourceQuality "1"]
[TimeControl "300+2"]

1. e4 d5 2. exd5 Qxd5 3. Nc3 Qd6 4. Nf3 Nf6 5. d4 a6 6. Bd3 Nc6 7. O-O Bg4 8. Be3 O-O-O 9. Ne4 Nxe4 10. Bxe4 e6 11. h3 Bh5 12. c4 f5 13. Bxc6 *

[Event "3rd FIDE WCCC Blitz G08 2019"]
[Site "Minsk"]
[Date "2019.08.18"]
[Round "3.6"]
[White "Phan, Nguyen Mai Chi"]
[Black "Lajdamik, Kinga"]
[Result "*"]
[ECO "D06"]
[WhiteElo "2139"]
[BlackElo "1145"]
[Annotator "NA"]
[PlyCount "24"]
[EventDate "2019.08.18"]
[EventType "swiss"]
[EventCountry "BLR"]
[SourceTitle "playchess.com"]
[Source "ChessBase"]
[SourceQuality "1"]
[TimeControl "300+2"]

1. d4 d5 2. c4 Bf5 3. Nc3 Nf6 4. Qb3 dxc4 5. Qxb7 Nbd7 6. Qa6 e6 7. Qxc4 Be7 8. Bf4 Rc8 9. e3 O-O 10. Bd3 Nb6 11. Qb5 c6 12. Qa6 Bxd3 *

[Event "3rd FIDE WCCC Blitz G08 2019"]
[Site "Minsk"]
[Date "2019.08.18"]
[Round "4.1"]
[White "Mutina, Evdokia"]
[Black "Preobrazhenskaya, Diana"]
[Result "0-1"]
[ECO "A01"]
[WhiteElo "1001"]
[BlackElo "1361"]
[Annotator "NA"]
[PlyCount "50"]
[EventDate "2019.08.18"]
[EventType "swiss"]
[EventCountry "BLR"]
[SourceTitle "playchess.com"]
[Source "ChessBase"]
[SourceQuality "1"]
[TimeControl "300+2"]

1. b3 Nf6 2. Bb2 c5 3. e3 d5 4. Bb5+ Nc6 5. Bxc6+ bxc6 6. f4 g6 7. Nf3 Bg7 8. Ne5 Qc7 9. d3 O-O 10. Nd2 Bf5 11. Ndf3 Ng4 12. O-O Nxe3 13. Qe2 Nxf1 14. Qxf1 f6 15. g4 Bc8 16. Ba3 fxe5 17. Bxc5 Rxf4 18. Re1 Bxg4 19. Re3 Raf8 20. Kg2 Bxf3+ 21. Rxf3 Rxf3 22. Qe2 Qd7 23. h3 Qxh3+ 24. Kg1 Rf1+ 25. Qxf1 Rxf1# 0-1

[Event "3rd FIDE WCCC Blitz G08 2019"]
[Site "Minsk"]
[Date "2019.08.18"]
[Round "4.2"]
[White "Trishkina, Evgeniya"]
[Black "Skamaroshchanka, Daryia"]
[Result "1-0"]
[ECO "B06"]
[WhiteElo "1328"]
[BlackElo "1034"]
[Annotator "NA"]
[PlyCount "109"]
[EventDate "2019.08.18"]
[EventType "swiss"]
[EventCountry "BLR"]
[SourceTitle "playchess.com"]
[Source "ChessBase"]
[SourceQuality "1"]
[TimeControl "300+2"]

1. e4 g6 2. d4 Bg7 3. Nf3 b6 4. Nc3 Bb7 5. Bc4 e6 6. Bf4 Ne7 7. O-O d6 8. Re1 O-O 9. h3 Nd7 10. Qd2 d5 11. exd5 Nxd5 12. Nxd5 exd5 13. Bb3 c5 14. dxc5 Nxc5 15. c3 Nxb3 16. axb3 f5 17. Bg5 Qd6 18. Be7 Qd7 19. Bxf8 Rxf8 20. c4 Rd8 21. Rxa7 dxc4 22. Qxd7 Rxd7 23. Re8+ Kf7 24. Rb8 Bc6 25. Rxd7+ Bxd7 26. Rxb6 Bxb2 27. bxc4 Bg7 28. Rb7 Ke6 29. Kf1 Kd6 30. Ke2 Bf6 31. Rb6+ Ke7 32. Kd3 g5 33. Nd4 f4 34. Nc6+ Kf7 35. Rb7 Ke6 36. Nd4+ Kd6 37. c5+ Kxc5 38. Rxd7 Bxd4 39. Rxd4 h5 40. f3 Kc6 41. Rd8 Kc5 42. Rg8 g4 43. hxg4 hxg4 44. Rxg4 Kd5 45. Rxf4 Ke5 46. Ke3 Ke6 47. g4 Ke5 48. g5 Ke6 49. g6 Ke7 50. g7 Ke6 51. g8=Q+ Kd6 52. Qg5 Ke6 53. Rf6+ Kd7 54. Qg7+ Ke8 55. Rf8# 1-0

[Event "3rd FIDE WCCC Blitz G08 2019"]
[Site "Minsk"]
[Date "2019.08.18"]
[Round "4.3"]
[White "Asachenko, Ksenia"]
[Black "Phan, Nguyen Mai Chi"]
[Result "0-1"]
[ECO "B76"]
[WhiteElo "1169"]
[BlackElo "2139"]
[Annotator "NA"]
[PlyCount "134"]
[EventDate "2019.08.18"]
[EventType "swiss"]
[EventCountry "BLR"]
[SourceTitle "playchess.com"]
[Source "ChessBase"]
[SourceQuality "1"]
[TimeControl "300+2"]

1. e4 c5 2. Nf3 d6 3. d4 cxd4 4. Nxd4 Nf6 5. Nc3 g6 6. Be3 Bg7 7. f3 O-O 8. g4 Nc6 9. Qd2 Re8 10. O-O-O Nxd4 11. Bxd4 Be6 12. h4 Qa5 13. a3 Red8 14. Be3 h5 15. gxh5 Nxh5 16. Ne2 Qxd2+ 17. Rxd2 b5 18. Bh3 Bxh3 19. Rxh3 a5 20. Bd4 b4 21. a4 Rdc8 22. Bxg7 Kxg7 23. Kb1 Rab8 24. b3 Rc5 25. Nd4 Nf6 26. Nb5 Ne8 27. Rd5 Rxd5 28. exd5 Nf6 29. Nc7 Rb7 30. Nb5 Nxd5 31. h5 Nf4 32. h6+ Kh7 33. Rh4 Nd5 34. Kb2 Nf6 35. Nd4 Ng8 36. f4 Nxh6 37. Ne2 Kg7 38. Ng3 d5 39. Ne2 Nf5 40. Rh2 e6 41. Rg2 Rc7 42. Ng3 Nxg3 43. Rxg3 Kf6 44. Rf3 Kf5 45. Rf2 Rc8 46. Rf1 Rh8 47. Rf2 Rh4 48. c3 bxc3+ 49. Kxc3 Rxf4 50. Re2 Rb4 51. Rf2+ Rf4 52. Re2 g5 53. Kd3 g4 54. Rg2 Rf3+ 55. Kc2 Kf4 56. Kd2 g3 57. Ke2 Rxb3 58. Kf1 Rb1+ 59. Ke2 Rb2+ 60. Kf1 Rxg2 61. Kxg2 d4 62. Kf1 Kf3 63. Kg1 g2 64. Kh2 Kf2 65. Kh3 g1=Q 66. Kh4 f6 67. Kh5 Qg5# 0-1

[Event "3rd FIDE WCCC Blitz G08 2019"]
[Site "Minsk"]
[Date "2019.08.18"]
[Round "4.4"]
[White "Frolova, Umila"]
[Black "Gerasimova, Maria V."]
[Result "1-0"]
[ECO "C55"]
[WhiteElo "1252"]
[BlackElo "1076"]
[Annotator "NA"]
[PlyCount "122"]
[EventDate "2019.08.18"]
[EventType "swiss"]
[EventCountry "BLR"]
[SourceTitle "playchess.com"]
[Source "ChessBase"]
[SourceQuality "1"]
[TimeControl "300+2"]

1. e4 e5 2. Bc4 Nc6 3. Nf3 Nf6 4. d4 exd4 5. O-O Bc5 6. e5 d5 7. exf6 dxc4 8. Re1+ Be6 9. Ng5 Qxf6 10. Nxe6 fxe6 11. Qh5+ Qf7 12. Qxc5 O-O-O 13. Qxc4 Rhf8 14. Qe2 e5 15. Bg5 Rd7 16. Nd2 h6 17. Bh4 g5 18. Bg3 h5 19. h3 h4 20. Bh2 Qf5 21. Ne4 Rdf7 22. Qg4 Qxg4 23. hxg4 Rd7 24. Nxg5 d3 25. cxd3 Rxd3 26. Rad1 Rxd1 27. Rxd1 Rd8 28. Rxd8+ Kxd8 29. Kf1 Ke7 30. Ke2 Kf6 31. Nf3 e4 32. Nxh4 Kg5 33. Nf5 Kxg4 34. Ne3+ Kg5 35. f3 Nd4+ 36. Kf2 exf3 37. gxf3 Ne6 38. Nd5 c6 39. Nc3 Nc5 40. f4+ Kf5 41. Ke3 Ne6 42. Bg3 Ng7 43. Ne4 Nh5 44. Bh2 b6 45. Ng3+ Nxg3 46. Bxg3 c5 47. b3 Kf6 48. Ke4 Ke6 49. f5+ Kf6 50. Bh4+ Kf7 51. f6 Kg8 52. Kd5 Kf8 53. Kc6 a6 54. Kxb6 a5 55. Kxa5 Kf7 56. Kb5 c4 57. Kxc4 Kf8 58. a4 Kf7 59. b4 Kf8 60. a5 Kf7 61. b5 Kg6 1-0

[Event "3rd FIDE WCCC Blitz G08 2019"]
[Site "Minsk"]
[Date "2019.08.18"]
[Round "4.5"]
[White "Ukrainskaya, Ilona"]
[Black "Tong, Thai Hoang An"]
[Result "0-1"]
[ECO "D00"]
[WhiteElo "1211"]
[BlackElo "1208"]
[Annotator "NA"]
[PlyCount "112"]
[EventDate "2019.08.18"]
[EventType "swiss"]
[EventCountry "BLR"]
[SourceTitle "playchess.com"]
[Source "ChessBase"]
[SourceQuality "1"]
[TimeControl "300+2"]

1. d4 d5 2. Bf4 c5 3. e3 Nc6 4. Nf3 Bg4 5. c3 Nf6 6. Nbd2 e6 7. Bd3 Qb6 8. Rb1 c4 9. Bc2 Be7 10. h3 Bh5 11. O-O O-O 12. Qc1 Rac8 13. Ne5 Nxe5 14. dxe5 Nd7 15. Bd1 Bg6 16. Bc2 Bd3 17. Bxd3 cxd3 18. Qd1 Nc5 19. Nf3 f6 20. exf6 Bxf6 21. Ne1 e5 22. Bg3 e4 23. f3 Bg5 24. Bf2 Ne6 25. fxe4 Bxe3 26. Bxe3 Qxe3+ 27. Kh2 Rxf1 28. Qg4 Re8 29. Qg3 Qxg3+ 30. Kxg3 dxe4 31. Kh2 d2 32. Nc2 Rxb1 33. Ne3 d1=Q 34. Nxd1 Rxd1 35. Kg3 Rd2 36. Kh2 Rxb2 37. Kg3 Rxa2 38. Kh2 Ra3 39. Kg3 Rxc3+ 40. Kh2 a5 41. Kg1 a4 42. Kh2 a3 43. Kg1 a2 44. Kh2 a1=Q 45. h4 Nf4 46. h5 Qb2 47. h6 Rc2 48. Kg3 Rxg2+ 49. Kxf4 Rf8+ 50. Kxe4 Qe2+ 51. Kd5 Rd8+ 52. Kc5 Qc2+ 53. Kb6 Rg6+ 54. Ka7 Qa4+ 55. Kxb7 Qc6+ 56. Ka7 Ra8# 0-1

[Event "3rd FIDE WCCC Blitz G08 2019"]
[Site "Minsk"]
[Date "2019.08.18"]
[Round "4.6"]
[White "Lyapina, Mariya"]
[Black "Mierina, Lauma"]
[Result "1-0"]
[ECO "D37"]
[WhiteElo "1349"]
[BlackElo "1014"]
[Annotator "NA"]
[PlyCount "177"]
[EventDate "2019.08.18"]
[EventType "swiss"]
[EventCountry "BLR"]
[SourceTitle "playchess.com"]
[Source "ChessBase"]
[SourceQuality "1"]
[TimeControl "300+2"]

1. d4 d5 2. c4 e6 3. Nc3 Nf6 4. Nf3 Nc6 5. Qa4 Bd7 6. Qb3 dxc4 7. Qxb7 Rb8 8. Qa6 Rb6 9. Qxc4 Bb4 10. Bd2 Bxc3 11. Bxc3 O-O 12. e3 h6 13. Be2 Rb8 14. Qd3 Nb4 15. Bxb4 Rxb4 16. Qc3 Rb8 17. O-O Nd5 18. Qd2 Bb5 19. Bxb5 Rxb5 20. e4 Nf6 21. Rfe1 Rb8 22. b3 Nd7 23. Qc2 Rb4 24. Rac1 Rb7 25. Qc6 Qc8 26. Red1 Nb6 27. Ne5 f6 28. Ng6 Rf7 29. Qc5 Nd7 30. Ne7+ Rxe7 31. Qxe7 Nb6 32. Rc6 e5 33. dxe5 fxe5 34. Rdc1 Na8 35. Qxe5 Kh7 36. Qf5+ Qxf5 37. exf5 Kg8 38. Rg6 Kf7 39. Rcc6 Nb6 40. Rg3 Nd5 41. Rc5 Nf4 42. Rgc3 Ne2+ 43. Kf1 Nxc3 44. Rxc3 Ke7 45. Rg3 Kf6 46. Rf3 g5 47. fxg6+ Kxg6 48. Ke2 Rb4 49. Rc3 Re4+ 50. Kf3 Re7 51. g4 Kg5 52. h3 Kh4 53. Kg2 h5 54. gxh5 Kxh5 55. Rc5+ Kh4 56. Ra5 c6 57. Ra6 Rc7 58. f4 Kh5 59. Kg3 Kg6 60. Kg4 Kf6 61. f5 Kf7 62. Kg5 Kg7 63. f6+ Kf7 64. h4 Kg8 65. Kg6 Kf8 66. h5 Kg8 67. h6 Kf8 68. h7 Ke8 69. h8=Q+ Kd7 70. Qg7+ Kd6 71. Qxc7+ Kxc7 72. Rxa7+ Kb6 73. Re7 Kc5 74. f7 Kb4 75. f8=Q Ka3 76. Rc7+ Kxa2 77. Ra7+ Kxb3 78. Qb8+ Kc4 79. Rc7 Kd5 80. Qd8+ Kc5 81. Qg5+ Kd6 82. Qe7+ Kd5 83. Rd7+ Kc4 84. Kf5 Kb5 85. Rb7+ Kc4 86. Ke5 Kd3 87. Qa3+ Kc4 88. Rb4+ Kc5 89. Qc3# {[%emt 0:00:00] Kd5+ Ke4+} 1-0

[Event "3rd FIDE WCCC Blitz G08 2019"]
[Site "Minsk"]
[Date "2019.08.18"]
[Round "5.1"]
[White "Preobrazhenskaya, Diana"]
[Black "Trishkina, Evgeniya"]
[Result "1-0"]
[ECO "C52"]
[WhiteElo "1361"]
[BlackElo "1328"]
[Annotator "NA"]
[PlyCount "81"]
[EventDate "2019.08.18"]
[EventType "swiss"]
[EventCountry "BLR"]
[SourceTitle "playchess.com"]
[Source "ChessBase"]
[SourceQuality "1"]
[TimeControl "300+2"]

1. e4 e5 2. Bc4 Bc5 3. Nf3 Nc6 4. b4 Bxb4 5. c3 Ba5 6. d4 d6 7. Qb3 Qf6 8. d5 Nce7 9. Qa4+ Bd7 10. Qxa5 b6 11. Qb4 Qg6 12. O-O Qxe4 13. Re1 Qg6 14. Bb5 Nxd5 15. Qc4 Nge7 16. Bxd7+ Kxd7 17. Nh4 Qf6 18. Qg4+ Ke8 19. c4 Nb4 20. Na3 Nd3 21. Re2 Nxc1 22. Rxc1 Nc6 23. Nb5 Qe7 24. Nf5 Qd8 25. Qxg7 Rf8 26. Qg3 a6 27. Nc3 Qf6 28. Ng7+ Kd8 29. Nd5 Qg6 30. Qh4+ Kc8 31. Nh5 Kb7 32. Ng3 Nd4 33. Rd2 c6 34. Ne3 Ne6 35. Rxd6 Kc7 36. Qe7+ Kc8 37. Qd7+ Kb8 38. Rxc6 Ra7 39. Rxb6+ Ka8 40. Qc6+ Rb7 41. Qxb7# 1-0

[Event "3rd FIDE WCCC Blitz G08 2019"]
[Site "Minsk"]
[Date "2019.08.18"]
[Round "5.2"]
[White "Phan, Nguyen Mai Chi"]
[Black "Frolova, Umila"]
[Result "1-0"]
[ECO "E92"]
[WhiteElo "2139"]
[BlackElo "1252"]
[Annotator "NA"]
[PlyCount "173"]
[EventDate "2019.08.18"]
[EventType "swiss"]
[EventCountry "BLR"]
[SourceTitle "playchess.com"]
[Source "ChessBase"]
[SourceQuality "1"]
[TimeControl "300+2"]

1. c4 g6 2. d4 Bg7 3. e4 d6 4. Nf3 Nf6 5. Nc3 O-O 6. Be2 e5 7. d5 a5 8. O-O Na6 9. h3 Nc5 10. Qc2 Nh5 11. Be3 b6 12. Bxc5 bxc5 13. Bd3 Nf4 14. Ne2 Nxd3 15. Qxd3 f5 16. Ng3 f4 17. Ne2 h6 18. Nc3 g5 19. Nh2 Rf7 20. a3 Bf8 21. Rfb1 Rg7 22. f3 h5 23. Qe2 g4 24. fxg4 hxg4 25. hxg4 Qh4 26. Qf2 Qh6 27. Nf3 Rxg4 28. Kf1 Qh1+ 29. Qg1 Qh5 30. Qf2 Qh1+ 31. Qg1 Qh5 32. Qh2 Qg6 33. Kf2 Ba6 34. b3 Be7 35. Rh1 Kf7 36. Qh7+ Qg7 37. Qxg7+ Kxg7 38. Rh3 Rg8 39. Rah1 Kf8 40. R1h2 Bc8 41. Rh8 Bd7 42. Rxg8+ Kxg8 43. a4 Rg3 44. Ne2 Rg7 45. Ne1 c6 46. Nc3 Rg6 47. Nd3 Rg7 48. Rh5 Rg6 49. Nb1 Bg4 50. Rh2 Bd7 51. Nd2 Rg7 52. Nf3 Bg4 53. dxc6 Bd8 54. Rh6 Bc7 55. Nh2 Bc8 56. Ne1 Rf7 57. Nc2 Rg7 58. Na3 Ba6 59. Nb5 Bxb5 60. cxb5 Bb6 61. Rxd6 c4+ 62. Kf1 cxb3 63. Rd3 b2 64. Rb3 Bd4 65. Nf3 Rh7 66. Nd2 Rh1+ 67. Ke2 Be3 68. Rxb2 Bxd2 69. Kxd2 Rh2 70. Kd3 Rh1 71. Kc4 Rc1+ 72. Kd5 Ra1 73. c7 Kg7 74. c8=Q Rxa4 75. Kxe5 Rb4 76. Qg4+ Kf8 77. Qxf4+ Ke8 78. Rxb4 axb4 79. Qd2 b3 80. b6 Kf7 81. b7 Kg6 82. b8=Q b2 83. Qdxb2 Kg5 84. Qg8+ Kh4 85. Qf2+ Kh5 86. Qf5+ Kh4 87. Qfg4# 1-0

[Event "3rd FIDE WCCC Blitz G08 2019"]
[Site "Minsk"]
[Date "2019.08.18"]
[Round "5.3"]
[White "Tong, Thai Hoang An"]
[Black "Lyapina, Mariya"]
[Result "1-0"]
[ECO "B50"]
[WhiteElo "1208"]
[BlackElo "1349"]
[Annotator "NA"]
[PlyCount "55"]
[EventDate "2019.08.18"]
[EventType "swiss"]
[EventCountry "BLR"]
[SourceTitle "playchess.com"]
[Source "ChessBase"]
[SourceQuality "1"]
[TimeControl "300+2"]

1. e4 c5 2. Nf3 d6 3. c3 Nc6 4. d4 cxd4 5. cxd4 Nf6 6. Nc3 g6 7. Bb5 Bd7 8. O-O a6 9. Ba4 b5 10. Bb3 Bg7 11. Bf4 O-O 12. Re1 Qb6 13. e5 dxe5 14. dxe5 Ng4 15. Qxd7 Nxf2 16. Be3 Nh3+ 17. gxh3 Rad8 18. Bxb6 Rxd7 19. e6 fxe6 20. Bxe6+ Kh8 21. Bxd7 Rxf3 22. Bxc6 Rf6 23. Rxe7 Bf8 24. Rc7 Kg8 25. Bd5+ Kh8 26. Bd4 Be7 27. Rxe7 g5 28. Bxf6# 1-0